 Dungeon Crawl Stone Soup version 0.21.1-1-g345015f (webtiles) character file.

1304 sanboga the Chopper (level 8, 0/52 HPs)
             Began as a Gargoyle Berserker on June 4, 2018.
             Was a Priest of Trog.
             Slain by an orc warrior
             ... wielding a +0 war axe
              (13 damage)
             ... on level 7 of the Dungeon.
             The game lasted 00:07:57 (5016 turns).

sanboga the Chopper (Gargoyle Berserker)            Turns: 5016, Time: 00:07:58

Health: 0/52       AC: 22    Str: 24    XL:     8   Next: 57%
Magic:  8/8        EV:  8    Int:  7    God:    Trog [***...]
Gold:   140        SH:  0    Dex:  9    Spells: 7/7 levels left

rFire    . . .     SeeInvis .   j - +3 hand axe (elec)
rCold    + . .     Gourm    .   (no shield)
rNeg     + . .     Faith    .   p - +0 chain mail
rPois    ∞         Spirit   .   i - +2 helmet
rElec    +         Reflect  .   k - +0 cloak
rCorr    .         Harm     .   f - +0 pair of gloves
MR       .....                  d - +0 pair of boots
Stlth    ..........             (no amulet)
HPRegen  0.17/turn              q - ring of flight
MPRegen  0.11/turn              v - ring of protection from cold

@: no status effects
A: negative energy resistance 1, electricity resistance, unbreathing,
petrification resistance, rot immunity, AC +5
a: Berserk, Trog's Hand, Burn Spellbooks, Renounce Religion, Evoke Flight


You were on level 7 of the Dungeon.
You worshipped Trog.
Trog was most pleased with you.
You were not hungry.

You visited 1 branch of the dungeon, and saw 7 of its levels.

You collected 334 gold pieces.
You spent 194 gold pieces at shops.

Inventory:

Hand Weapons
 j - a +3 hand axe of electrocution (weapon)
Armour
 d - a +0 pair of boots (worn)
 f - a +0 pair of gloves (worn)
 i - a +2 helmet (worn)
 k - a +0 cloak (worn)
 p - a +0 chain mail (worn)
Jewellery
 q - a ring of flight (left hand)
 v - a ring of protection from cold (right hand)
Scrolls
 b - 4 scrolls of fog
 g - 8 scrolls of remove curse
 o - 5 scrolls of teleportation
 r - a scroll of silence
 t - a scroll of enchant weapon
 u - a scroll of blinking
 w - a scroll of enchant armour
Potions
 a - 2 potions of agility
 e - a potion of mutation
 h - a potion of cancellation
 l - 2 potions of heal wounds
 m - a potion of ambrosia
 s - 3 potions of curing
Comestibles
 c - 11 rations
 n - 3 chunks of flesh


   Skills:
 + Level 6.4 Fighting
 * Level 7.1 Axes
 + Level 5.9 Armour
 - Level 1.5 Dodging


You had 7 spell levels left.
You didn't know any spells.

Dungeon Overview and Level Annotations

Branches:
Dungeon (7/15)
 Temple: D:4-7

Altars:
Cheibriados
Dithmenos
Elyvilon
Hepliaklqana
Kikubaaqudgha
Makhleb
Ru
Trog

Shops:
D:7 ?


Innate Abilities, Weirdness & Mutations

You are resistant to torment.
Your stone body is resilient. (AC +5)
You are immune to poison.
You resist negative energy. (rN+)
You are resistant to electric shocks. (rElec)
You can survive without breathing.
You are immune to petrification.
You are immune to rotting.


Message History

You are too injured to fight recklessly!
You hit the orc warrior but do no damage.
The orc warrior is heavily wounded.
The orc warrior hits you but does no damage.
You hit the orc warrior.
The orc warrior is severely wounded.
The orc warrior hits you but does no damage.
You hit the orc warrior.
The orc warrior is almost dead.
You barely miss the orc warrior.
The orc warrior is almost dead.
The orc warrior hits you with a war axe.
* * * LOW HITPOINT WARNING * * *
You barely miss the orc warrior.
The orc warrior is almost dead.
The orc warrior hits you but does no damage.
You closely miss the orc warrior.
The orc warrior is almost dead.
The orc warrior hits you with a war axe!
You die...

##
#.##..###..##
#.##......##
#.##.##.#.#
#.##.....
#.####.###
#.# #.#
#.####.####
#.........#
#####@.##.#
#o.# #...#
#.....
#...#.#
.......#
#.....##
##.#.##


You could see an orc warrior.

Vanquished Creatures
  The ghost of dedward the Charmwright, an amateur GnSk (D:3)
  A water moccasin (D:6)
  An ice beast (D:5)
  An orc warrior (D:6)
  2 phantoms
  A centaur (D:7)
  2 howler monkeys
  3 crimson imps
  2 hounds
  An orc priest (D:7)
  A jelly (D:5)
  Crazy Yiuf (D:6)
  2 orc wizards (D:6)
  3 worker ants
  4 adders
  A shadow imp (D:5)
  An ooze (D:4)
  An adder skeleton (D:7)
  2 worms
  2 dart slugs
  2 leopard geckos (D:3)
  13 orcs
  A giant cockroach (D:2)
  7 goblins
  5 hobgoblins
  19 jackals
  4 kobolds
  2 quokkas
  2 ball pythons
  10 bats
  11 frilled lizards
  5 rats
  A withered plant (D:6)
115 creatures vanquished.

Notes
Turn   | Place    | Note
-------+----------+-------------------------------------------
     0 | D:1      | sanboga the Gargoyle Berserker began the quest for the Orb.
     0 | D:1      | Reached XP level 1. HP: 14/14 MP: 1/1
    65 | D:1      | Reached XP level 2. HP: 5/19 MP: 2/2
   325 | D:1      | Reached skill level 3 in Axes
   563 | D:1      | Reached ** piety under Trog
  1203 | D:2      | Reached XP level 3. HP: 23/23 MP: 3/3
  1677 | D:2      | Reached XP level 4. HP: 29/29 MP: 4/4
  1714 | D:2      | Found a hazy altar of Hepliaklqana.
  1981 | D:3      | Found a sacrificial altar of Ru.
  2033 | D:3      | Found a white marble altar of Elyvilon.
  2080 | D:3      | Reached *** piety under Trog
  2206 | D:3      | Noticed dedward's ghost (amateur GnSk)
  2219 | D:3      | Killed dedward's ghost
  2219 | D:3      | Reached skill level 4 in Axes
  2219 | D:3      | Reached XP level 5. HP: 34/34 MP: 5/5
  2228 | D:3      | Found a bloodstained altar of Trog.
  2256 | D:3      | Reached XP level 6. HP: 39/39 MP: 6/6
  2575 | D:3      | Found a burning altar of Makhleb.
  3393 | D:4      | Reached skill level 5 in Axes
  3645 | D:5      | Entered Level 5 of the Dungeon
  3645 | D:5      | Noticed a phantom
  3648 | D:5      | Killed a phantom
  3648 | D:5      | Reached skill level 5 in Fighting
  3679 | D:5      | Reached XP level 7. HP: 42/44 MP: 7/7
  4281 | D:6      | Reached skill level 6 in Axes
  4282 | D:6      | Reached skill level 5 in Armour
  4282 | D:6      | Reached XP level 8. HP: 33/51 MP: 8/8
  4355 | D:6      | Found a white marble altar of Elyvilon.
  4361 | D:6      | Found a snail-covered altar of Cheibriados.
  4472 | D:6      | Found an ancient bone altar of Kikubaaqudgha.
  4572 | D:6      | Found a runed door.
  4655 | D:6      | Found a shadowy altar of Dithmenos.
  4849 | D:6      | Noticed Crazy Yiuf
  4854 | D:6      | Killed Crazy Yiuf
  4949 | D:7      | Found Rafack Wiesi's Magic Scroll Emporium.
  4954 | D:7      | Bought a scroll of silence for 97 gold pieces
  4954 | D:7      | Bought a scroll of blinking for 97 gold pieces
  4962 | D:7      | Reached skill level 7 in Axes
  5016 | D:7      | Slain by an orc warrior

Skill      XL: |  1  2  3  4  5  6  7  8 |
---------------+-------------------------+-----
Axes           | 3 4 5 6 7 |  7.1
Armour         | 3 4 5 |  5.9
Fighting       | 4 5 6 |  6.4
Dodging        | |  1.5

Action                   |  1- 3 |  4- 6 |  7- 9 || total
-------------------------+-------+-------+-------++-------
Melee: Hand axe          |   135 |   107 |   123 ||   365
Invok: Berserk           |       |     1 |     1 ||     2
  Use: Potion            |     4 |       |     2 ||     6
       Scroll            |     7 |     6 |     6 ||    19
  Eat: Chunk             |     3 |     6 |     6 ||    15
Armor: Animal skin       |    13 |       |       ||    13
       Robe              |    15 |       |       ||    15
       Ring mail         |    30 |    61 |       ||    91
       Scale mail        |       |    11 |    31 ||    42
       Chain mail        |       |       |    23 ||    23
Dodge: Dodged            |    98 |    96 |    51 ||   245
